TOP OF THE 1ST |
Pocatello Bellas batting - Pitching for Seattle Pikes : RHP Orlando Cruz
|
Pitching: RHP Orlando Cruz
|
|
Batting: RHB Buck Jones
|
0-0: Ball 1-0: Foul Ball, location: 2F 1-1: Ball 2-1: Fly out, F9 (Flyball, 9D)
|
Batting: RHB Júlio Figueroa
|
0-0: Ball 1-0: Ball 2-0: Ball 3-0: Called Strike 3-1: Foul Ball, location: 2F 3-2: Foul Ball, location: 2F 3-2: Base on Balls
|
Batting: RHB António Ortega
|
0-0: Ball 1-0: 2-RUN HOME RUN (Flyball, 7LD), Distance : 356 ft
|
Batting: SHB Shane Hutchinson
|
0-0: Called Strike 0-1: Swinging Strike 0-2: Foul Ball, location: 2F 0-2: Strikes out swinging
|
Batting: LHB Ryan Drake
|
0-0: Ball 1-0: Ball 2-0: Ball 3-0: DOUBLE (Line Drive, 89XD)
|
Batting: SHB Juan Castro
|
0-0: Foul Ball, location: 2F 0-1: Called Strike 0-2: Ball 1-2: Foul Ball, location: 2F 1-2: Foul Ball, location: 2F 1-2: Ball 2-2: Foul Ball, location: 2F 2-2: Foul Ball, location: 2F 2-2: Ball 3-2: Base on Balls
|
Batting: RHB Javier Deleón
|
0-0: Ball 1-0: Foul Ball, location: 2F 1-1: Hit by Pitch Ryan Drake to third Juan Castro to second
|
Batting: RHB José Herrera
|
0-0: Fielders Choice at 2nd, 6-4 (Groundball, 6)
|
Top of the 1st over - 2 runs, 2 hits, 0 errors, 3 left on base; Pocatello 2 - Seattle 0 |
BOTTOM OF THE 1ST |
Seattle Pikes batting - Pitching for Pocatello Bellas : LHP Hong-ryul Yun
|
Pitching: LHP Hong-ryul Yun
|
|
Batting: RHB Anthony Rucker
|
0-0: Called Strike 0-1: Ball 1-1: Called Strike 1-2: Foul Ball, location: 2F 1-2: Strikes out looking
|
Batting: RHB Seiji Kouno
|
0-0: Ball 1-0: Called Strike 1-1: Ball 2-1: Ball 3-1: Fly out, F8 (Flyball, 8RD)
|
Batting: RHB Pete Rideout
|
0-0: Ball 1-0: Swinging Strike 1-1: Ball 2-1: Foul Ball, location: 2F 2-2: SOLO HOME RUN (Flyball, 7D), Distance : 373 ft
|
Batting: RHB Murai Ishihara
|
0-0: Called Strike 0-1: Ball 1-1: Called Strike 1-2: Foul Ball, location: 2F 1-2: Foul Ball, location: 2F 1-2: Strikes out looking
|
Bottom of the 1st over - 1 run, 1 hit, 0 errors, 0 left on base; Pocatello 2 - Seattle 1 |
TOP OF THE 2ND |
Pocatello Bellas batting - Pitching for Seattle Pikes : RHP Orlando Cruz
|
Batting: RHB Enrique Mendoza
|
0-0: Ball 1-0: SINGLE (Flyball, 9S)
|
Batting: RHB Buck Jones
|
0-0: Called Strike 0-1: Called Strike 0-2: Ball 1-2: Foul Ball, location: 2F 1-2: Ball 2-2: Foul Ball, location: 2F 2-2: Ball 3-2: Foul Ball, location: 2F 3-2: Base on Balls Enrique Mendoza to second
|
Batting: RHB Júlio Figueroa
|
0-0: Ball 1-0: SINGLE (Line Drive, 9S) Enrique Mendoza to third Buck Jones to second
|
Batting: RHB António Ortega
|
0-0: SINGLE (Line Drive, 56D) Enrique Mendoza scores Buck Jones to third Júlio Figueroa to second Runner from 3rd tries for Home, SAFE, no throw
|
Batting: SHB Shane Hutchinson
|
0-0: Ball 1-0: Swinging Strike 1-1: Grounds into double play, 6-4-3 (Groundball, 6M) Júlio Figueroa to third
|
Batting: LHB Ryan Drake
|
0-0: Swinging Strike 0-1: SINGLE (Line Drive, 56) Júlio Figueroa scores
|
Batting: SHB Juan Castro
|
0-0: Reached on error, E8 (Flyball, 8LM) Ryan Drake to third
|
Batting: RHB Javier Deleón
|
0-0: Ball 1-0: Called Strike 1-1: Foul Ball, location: 2F 1-2: Ball 2-2: Ball 3-2: Ground out U3 (Groundball, 3)
|
Top of the 2nd over - 3 runs, 4 hits, 1 error, 2 left on base; Pocatello 5 - Seattle 1 |
BOTTOM OF THE 2ND |
Seattle Pikes batting - Pitching for Pocatello Bellas : LHP Hong-ryul Yun
|
Batting: RHB Juan Estrada
|
0-0: Ball 1-0: Ball 2-0: Ball 3-0: Base on Balls
|
Batting: LHB Richard Hunter
|
0-0: SINGLE (Flyball, 8LS) Juan Estrada to second
|
Batting: RHB Robert Johnson
|
0-0: Called Strike 0-1: Foul Ball, location: 2F 0-2: Foul Ball, location: 2F 0-2: Strikes out looking
|
Batting: RHB Esteban Concepción
|
0-0: Called Strike 0-1: Fly out, F9 (Line Drive, 9)
|
Batting: SHB Richard Bowman
|
0-0: Fielders Choice at 2nd, 6-4 (Groundball, 56)
|
Bottom of the 2nd over - 0 runs, 1 hit, 0 errors, 2 left on base; Pocatello 5 - Seattle 1 |
TOP OF THE 3RD |
Pocatello Bellas batting - Pitching for Seattle Pikes : RHP Orlando Cruz
|
Batting: RHB José Herrera
|
0-0: Called Strike 0-1: SINGLE (Groundball, 4D)
|
Batting: RHB Enrique Mendoza
|
0-0: Fly out, F7 (Flyball, 78S)
|
Batting: RHB Buck Jones
|
0-0: Ball 1-0: Ball 2-0: Ball 3-0: Called Strike 3-1: Base on Balls José Herrera to second
|
Batting: RHB Júlio Figueroa
|
0-0: Ball 1-0: Swinging Strike 1-1: Ball 2-1: SINGLE (Line Drive, 8RS) José Herrera to third Buck Jones to second
|
Batting: RHB António Ortega
|
0-0: Ball 1-0: Swinging Strike 1-1: SINGLE (Groundball, 6D) José Herrera scores Buck Jones to third Júlio Figueroa to second
|
Pitching: RHP Christian Camden
|
|
Batting: SHB Shane Hutchinson
|
0-0: Ball 1-0: Ball 2-0: Foul Ball, location: 2F 2-1: Ball 3-1: Foul Ball, location: 2F 3-2: Strikes out swinging
|
Batting: LHB Ryan Drake
|
0-0: Called Strike 0-1: Ground out U3 (Groundball, 3S)
|
Top of the 3rd over - 1 run, 3 hits, 0 errors, 3 left on base; Pocatello 6 - Seattle 1 |
BOTTOM OF THE 3RD |
Seattle Pikes batting - Pitching for Pocatello Bellas : LHP Hong-ryul Yun
|
Batting: RHB Anthony Rucker
|
0-0: Fly out, F7 (Flyball, 78S)
|
Batting: RHB Seiji Kouno
|
0-0: Called Strike 0-1: Ground out 5-3 (Groundball, 56S)
|
Batting: RHB Pete Rideout
|
0-0: Fly out, F8 (Flyball, 8RS)
|
Bottom of the 3rd over - 0 runs, 0 hits, 0 errors, 0 left on base; Pocatello 6 - Seattle 1 |
TOP OF THE 4TH |
Pocatello Bellas batting - Pitching for Seattle Pikes : RHP Christian Camden
|
Batting: SHB Juan Castro
|
0-0: Ball 1-0: Ball 2-0: Fly out, F7 (Line Drive, 7)
|
Batting: RHB Javier Deleón
|
0-0: Ball 1-0: Ball 2-0: Ball 3-0: Base on Balls
|
Batting: RHB José Herrera
|
0-0: Fly out, F9 (Flyball, 9LMF)
|
Batting: RHB Enrique Mendoza
|
0-0: Ball 1-0: Called Strike 1-1: Fly out, F7 (Flyball, 78S)
|
Top of the 4th over - 0 runs, 0 hits, 0 errors, 1 left on base; Pocatello 6 - Seattle 1 |
BOTTOM OF THE 4TH |
Seattle Pikes batting - Pitching for Pocatello Bellas : LHP Hong-ryul Yun
|
Batting: RHB Murai Ishihara
|
0-0: Ball 1-0: Fly out, F7 (Line Drive, 7LM)
|
Batting: RHB Juan Estrada
|
0-0: Foul Ball, location: 2F 0-1: Called Strike 0-2: Strikes out swinging
|
Batting: LHB Richard Hunter
|
0-0: Swinging Strike 0-1: Ball 1-1: Ball 2-1: Foul Ball, location: 2F 2-2: Strikes out looking
|
Bottom of the 4th over - 0 runs, 0 hits, 0 errors, 0 left on base; Pocatello 6 - Seattle 1 |
TOP OF THE 5TH |
Pocatello Bellas batting - Pitching for Seattle Pikes : RHP Christian Camden
|
Batting: RHB Buck Jones
|
0-0: Ball 1-0: Ball 2-0: Ball 3-0: Called Strike 3-1: Base on Balls
|
Batting: RHB Júlio Figueroa
|
0-0: Grounds into double play, 5-4-3 (Groundball, 5)
|
Batting: RHB António Ortega
|
0-0: Called Strike 0-1: Foul Ball, location: 2F 0-2: Fly out, F7 (Flyball, 7D)
|
Top of the 5th over - 0 runs, 0 hits, 0 errors, 0 left on base; Pocatello 6 - Seattle 1 |
BOTTOM OF THE 5TH |
Seattle Pikes batting - Pitching for Pocatello Bellas : LHP Hong-ryul Yun
|
Batting: RHB Robert Johnson
|
0-0: Ball 1-0: Foul Ball, location: 2F 1-1: Ball 2-1: Ball 3-1: Called Strike 3-2: Strikes out looking
|
Batting: RHB Esteban Concepción
|
0-0: Called Strike 0-1: Ball 1-1: Swinging Strike 1-2: Ball 2-2: Ball 3-2: Foul Ball, location: 2F 3-2: Foul Ball, location: 2F 3-2: Ground out U3 (Groundball, 3)
|
Batting: SHB Richard Bowman
|
0-0: Called Strike 0-1: Ball 1-1: SINGLE (Line Drive, 7S)
|
Batting: RHB Anthony Rucker
|
0-0: Foul Ball, location: 2F 0-1: Ball 1-1: Foul Ball, location: 2F 1-2: Ball 2-2: Foul Ball, location: 2F 2-2: Ground out 4-3 (Groundball, 4)
|
Bottom of the 5th over - 0 runs, 1 hit, 0 errors, 1 left on base; Pocatello 6 - Seattle 1 |
TOP OF THE 6TH |
Pocatello Bellas batting - Pitching for Seattle Pikes : RHP Christian Camden
|
Batting: SHB Shane Hutchinson
|
0-0: Ball 1-0: Ball 2-0: Ball 3-0: Called Strike 3-1: Base on Balls
|
Batting: LHB Ryan Drake
|
0-0: Foul Ball, location: 2F 0-1: Swinging Strike 0-2: Ball Shane Hutchinson steals 2nd base 1-2: Strikes out looking
|
Batting: SHB Juan Castro
|
0-0: Intentional Walk
|
Batting: RHB Javier Deleón
|
0-0: Ball 1-0: Foul Ball, location: 2F 1-1: Ball 2-1: SINGLE (Groundball, 34D) Shane Hutchinson to third Juan Castro to second
|
Batting: RHB José Herrera
|
0-0: Called Strike 0-1: Ball 1-1: Fly out, F3 (Popup, 23F)
|
Batting: RHB Enrique Mendoza
|
0-0: Fly out, F8 (Line Drive, 8LD)
|
Top of the 6th over - 0 runs, 1 hit, 0 errors, 3 left on base; Pocatello 6 - Seattle 1 |
BOTTOM OF THE 6TH |
Seattle Pikes batting - Pitching for Pocatello Bellas : LHP Hong-ryul Yun
|
Batting: RHB Seiji Kouno
|
0-0: Called Strike 0-1: Foul Ball, location: 2F 0-2: Ball 1-2: Strikes out looking
|
Batting: RHB Pete Rideout
|
0-0: Foul Ball, location: 2F 0-1: Ground out 5-3 (Groundball, 56)
|
Batting: RHB Murai Ishihara
|
0-0: Called Strike 0-1: Called Strike 0-2: Strikes out swinging
|
Bottom of the 6th over - 0 runs, 0 hits, 0 errors, 0 left on base; Pocatello 6 - Seattle 1 |
TOP OF THE 7TH |
Pocatello Bellas batting - Pitching for Seattle Pikes : RHP Christian Camden
|
Pitching: RHP Luis Libán
|
|
Batting: RHB Buck Jones
|
0-0: Called Strike 0-1: Foul Ball, location: 2F 0-2: Ball 1-2: Ball 2-2: Foul Ball, location: 2F 2-2: SINGLE (Flyball, 9LS)
|
Batting: RHB Júlio Figueroa
|
0-0: Ball 1-0: Ball 2-0: Foul Ball, location: 2F 2-1: Foul Ball, location: 2F 2-2: Ball 3-2: Foul Ball, location: 2F 3-2: SINGLE (Groundball, 56D) Buck Jones to second Buck Jones to third
|
Batting: RHB António Ortega
|
0-0: Foul Ball, location: 2F 0-1: 3-RUN HOME RUN (Line Drive, 7LD), Distance : 359 ft
|
Batting: SHB Shane Hutchinson
|
0-0: Swinging Strike 0-1: Called Strike 0-2: SINGLE (Line Drive, 6D)
|
Batting: LHB Ryan Drake
|
0-0: Fly out, F7 (Flyball, 78XD)
|
Batting: SHB Juan Castro
|
0-0: Called Strike 0-1: Foul Ball, location: 2F 0-2: Ball 1-2: Foul Ball, location: 2F 1-2: Strikes out swinging
|
Batting: RHB Javier Deleón
|
0-0: Called Strike 0-1: Called Strike 0-2: Foul Ball, location: 2F 0-2: Fly out, F7 (Flyball, 7)
|
Top of the 7th over - 3 runs, 4 hits, 0 errors, 1 left on base; Pocatello 9 - Seattle 1 |
BOTTOM OF THE 7TH |
Seattle Pikes batting - Pitching for Pocatello Bellas : LHP Hong-ryul Yun
|
Batting: RHB Juan Estrada
|
0-0: Foul Ball, location: 2F 0-1: DOUBLE (Line Drive, 8LXD)
|
Batting: LHB Richard Hunter
|
0-0: Foul Ball, location: 2F 0-1: Ball 1-1: Ball 2-1: Foul Ball, location: 2F 2-2: SINGLE (Groundball, 4MD) Juan Estrada to third Runner from 3rd tries for Home, SAFE, no throw
|
Batting: RHB Robert Johnson
|
0-0: Ball 1-0: Foul Ball, location: 2F 1-1: Ball 2-1: Fly out, F9 (Flyball, 9D)
|
Batting: RHB Esteban Concepción
|
0-0: Called Strike 0-1: Foul Ball, location: 2F 0-2: Grounds into double play, 4-6-3 (Groundball, 4)
|
Bottom of the 7th over - 1 run, 2 hits, 0 errors, 0 left on base; Pocatello 9 - Seattle 2 |
TOP OF THE 8TH |
Pocatello Bellas batting - Pitching for Seattle Pikes : RHP Luis Libán
|
Batting: RHB José Herrera
|
0-0: Ball 1-0: Ball 2-0: Fly out, F7 (Flyball, 78D)
|
Batting: RHB Enrique Mendoza
|
0-0: Ball 1-0: Fly out, F8 (Flyball, 8RD)
|
Batting: RHB Buck Jones
|
0-0: Swinging Strike 0-1: Foul Ball, location: 2F 0-2: Fly out, F9 (Line Drive, 9)
|
Top of the 8th over - 0 runs, 0 hits, 0 errors, 0 left on base; Pocatello 9 - Seattle 2 |
BOTTOM OF THE 8TH |
Seattle Pikes batting - Pitching for Pocatello Bellas : LHP Hong-ryul Yun
|
Batting: SHB Richard Bowman
|
0-0: Foul Ball, location: 2F 0-1: Ball 1-1: SINGLE (Groundball, 56D)
|
Batting: RHB Anthony Rucker
|
0-0: Swinging Strike 0-1: Called Strike 0-2: Strikes out swinging
|
Batting: RHB Seiji Kouno
|
0-0: SINGLE (Line Drive, 56D) Richard Bowman to second
|
Batting: RHB Pete Rideout
|
0-0: Called Strike 0-1: Foul Ball, location: 2F 0-2: TRIPLE (Flyball, 9D) Richard Bowman scores Seiji Kouno scores
|
Pitching: RHP Manuel Fuentes
|
|
Batting: RHB Murai Ishihara
|
0-0: Ball 1-0: Called Strike 1-1: Foul Ball, location: 2F 1-2: SINGLE (Groundball, 6MD) Pete Rideout scores
|
Batting: RHB Juan Estrada
|
0-0: Ball 1-0: Called Strike 1-1: Swinging Strike 1-2: Ball Wild Pitch! Murai Ishihara to second 2-2: Strikes out looking
|
Batting: LHB Richard Hunter
|
0-0: Foul Ball, location: 2F 0-1: 2-RUN HOME RUN (Line Drive, 8LXD), Distance : 436 ft
|
Pitching: RHP Adrián Martínez
|
|
Batting: RHB Robert Johnson
|
0-0: Called Strike 0-1: Ball 1-1: Fly out, F7 (Line Drive, 7)
|
Bottom of the 8th over - 5 runs, 5 hits, 0 errors, 0 left on base; Pocatello 9 - Seattle 7 |
TOP OF THE 9TH |
Pocatello Bellas batting - Pitching for Seattle Pikes : RHP Luis Libán
|
Pitching: RHP Orlando Ojeda
|
|
Batting: RHB Júlio Figueroa
|
0-0: Ball 1-0: Fly out, F8 (Flyball, 8LD)
|
Batting: RHB António Ortega
|
0-0: Ball 1-0: Ball 2-0: Ball 3-0: Base on Balls
|
Batting: SHB Shane Hutchinson
|
0-0: Ball 1-0: Foul Ball, location: 2F 1-1: SINGLE (Flyball, 9LM) António Ortega to second Runner from 2nd tries for 3rd, SAFE, no throw
|
Batting: LHB Ryan Drake
|
0-0: Ball 1-0: Foul Ball, location: 2F 1-1: Ball 2-1: Foul Ball, location: 2F 2-2: Foul Ball, location: 2F 2-2: Strikes out looking
|
Batting: SHB Juan Castro
|
0-0: SINGLE (Line Drive, 5D) António Ortega scores Shane Hutchinson to second
|
Batting: RHB Javier Deleón
|
0-0: Foul Ball, location: 2F 0-1: Foul Ball, location: 2F 0-2: Ball 1-2: Ball 2-2: Fly out, F7 (Flyball, 78M)
|
Top of the 9th over - 1 run, 2 hits, 0 errors, 2 left on base; Pocatello 10 - Seattle 7 |
BOTTOM OF THE 9TH |
Seattle Pikes batting - Pitching for Pocatello Bellas : RHP Adrián Martínez
|
Pitching: RHP Jaime Espinoza
|
|
Batting: RHB Esteban Concepción
|
0-0: Ball 1-0: Called Strike 1-1: Swinging Strike 1-2: Foul Ball, location: 2F 1-2: Strikes out looking
|
Batting: SHB Richard Bowman
|
0-0: Fly out, F8 (Flyball, 89M)
|
Batting: RHB Anthony Rucker
|
0-0: Ball 1-0: Swinging Strike 1-1: Foul Ball, location: 2F 1-2: Ball 2-2: Strikes out swinging
|
Bottom of the 9th over - 0 runs, 0 hits, 0 errors, 0 left on base; Pocatello 10 - Seattle 7 |
|